 Dungeon Crawl Stone Soup version 0.31-a0-627-gd65175cf8b (webtiles) character file.

Game seed: 5068316940407409325

1208 CrazyBamboolord the Mimic (level 8, 0/64 HPs)
             Began as a Merfolk Shapeshifter on Aug 25, 2023.
             Slain by an orc
             ... wielding a +0 flail
              (4 damage)
             ... on level 5 of the Dungeon.
             The game lasted 00:06:01 (5087 turns).

CrazyBamboolord the Mimic (Merfolk Shapeshifter)    Turns: 5087, Time: 00:06:01

Health: 0/64       AC:  5    Str: 24    XL:     8   Next: 45%
Magic:  17/17      EV: 14    Int:  7    God:
Gold:   306        SH:  0    Dex: 14    Spells: 7/7 levels left

rFire   . .          .
                       - Unarmed
rCold   . . .        (shield currently unavailable)
rNeg    . . .        j - +0 steam dragon scales
rPois   .            (no helmet)
rElec   .            (no cloak)
rCorr   .            (no gloves)
SInv    .            (no boots)
Will    .....        (no amulet)
Stlth   +            q - ring of magical power
HPRegen 0.30/turn    a - +6 ring of strength
MPRegen 0.15/turn

%: no passive effects
@: brilliant, flux-form, hasted, glowing, invisible (but backlit and visible),
very quick
A: glow, contaminating, (nimble swimmer 2), mertail
a: Begin Untransformation


You were on level 5 of the Dungeon.
You were something dangerously unstable.
You visited 1 branch of the dungeon, and saw 5 of its levels.

You collected 306 gold pieces.

Inventory:

Armour
 j - +0 steam dragon scales (worn)
 n - a +2 robe of positive energy
Jewellery
 a - a +6 ring of strength (right hand)
 q - a ring of magical power (left hand)
 y - an amulet of reflection
Talismans
 c - a beast talisman
 d - a flux talisman (active)
 m - a talisman of death
Wands
 A - a wand of polymorph (9)
Scrolls
 e - 4 scrolls of teleportation
 h - 2 scrolls of enchant armour
 i - a scroll of blinking {unknown}
 l - a scroll of brand weapon {unknown}
 o - a scroll of enchant weapon {unknown}
 p - a scroll of fog {unknown}
 r - a scroll of noise {unknown}
 s - a scroll of poison {unknown}
 t - a scroll of fear {unknown}
 w - a scroll of revelation {unknown}
 x - a scroll of butterflies {unknown}
Potions
 b - a potion of attraction
 g - a potion of berserk rage
 k - 2 potions of degeneration
 u - a potion of brilliance


   Skills:
 + Level 5.7 Fighting
 - Level 2.0 Armour
 - Level 5.0 Dodging
 - Level 5.0 Unarmed Combat
 + Level 8.4 Shapeshifting


You had 7 spell levels left.
You didn't know any spells.
Your spell library contained the following spells:

 Spells                   Type           Power      Damage    Failure   Level
 Summon Small Mammal      Summ           0%         N/A       43%         1
 Call Canine Familiar     Summ           0%         N/A       80%         3
 Dazzling Flash           Conj/Hex       0%         N/A       80%         3
 Summon Guardian Golem    Hex/Summ       0%         N/A       80%         3
 Agony                    Necr           0%         N/A       100%        5
 Silence                  Hex/Air        0%         N/A       100%        5


Dungeon Overview and Level Annotations

Branches:
Dungeon (5/15)             Temple (0/1) D:5

Altars:
Ashenzari


Innate Abilities, Weirdness & Mutations

You are something dangerously unstable.
You glow with magical radiation, making you easy to see and hit.
Foes you strike become dangerously contaminated with magical radiation.
You are incapable of wielding weapons or throwing items.
((You are very nimble when in or above water. (Stealth+, EV+, Speed+++)))
Your lower body shifts to a powerful aquatic tail in water.


Message History

You hit the iguana but do no damage.
The iguana shudders as magic cascades through it.
The iguana twists and deforms.
The iguana is heavily wounded.
You feel sick.
The iguana bites you but does no damage.
You hit the iguana.
The iguana begins to glow.
The iguana is severely wounded.
You feel sick. The iguana closely misses you.
You hit the iguana.
The iguana glows dangerously bright.
The iguana is almost dead.
You feel sick. The iguana bites you!
* * * LOW HITPOINT WARNING * * *
You hit the iguana but do no damage.
The iguana shudders as magic cascades through it.
You kill the iguana!
You feel sick.
Unknown command.
You become transparent, but the glow from your form prevents you from becoming completely invisible.
You feel sick. The orc hits you but does no damage.
Unknown command.
You feel sick.
You are no longer poisoned.
You hit the orc but do no damage.
The orc begins to glow.
The orc barely misses you.
You hit the orc.
The orc glows dangerously bright.
The orc is moderately wounded.
You hit the orc.
The orc begins to glow.
The orc is heavily wounded.
You barely miss the orc.
The orc is heavily wounded.
The orc hits you with a +0 flail.
* * * LOW HITPOINT WARNING * * *
Unknown command.
It was a potion of brilliance.
You feel clever all of a sudden. The orc barely misses you.
It was a potion of haste.
You feel yourself speed up. The orc hits you with a +0 flail.
You die...

.#. #.# ... #.# .#
#.# ............>.
.#...>...#.#.#
.............#
.#.......#.#.# #
...........#.# #
.#.#.#.#.#.#B# #
........)..#o# #
#.....l.#.#o# #
#....o....#o# .
#......####.# .
.....#..o....# .
######.......# .
#.......#
#....#####.#######


You could see 3 orcs.

Vanquished Creatures
  A steam dragon (D:4)
  3 ogres
  A centaur (D:5)
  Blork the orc (D:5)
  A howler monkey (D:4)
  2 jellies (D:4)
  4 orc priests
  A hound (D:4)
  2 iguanas
  Jessica (D:2)
  A sleepcap (D:5)
  2 orc wizards (D:5)
  9 gnolls
  6 adders
  An ufetubus (D:5)
  A worm (D:3)
  2 dart slugs (D:2)
  18 orcs
  16 ball pythons
  11 endoplasms
  8 giant cockroaches
  5 goblins
  2 hobgoblins (D:2)
  4 quokkas
  6 bats
  5 frilled lizards
  7 kobolds
  2 rats
  A spectral goblin (D:1)
124 creatures vanquished.

Notes
Turn   | Place    | Note
-------+----------+-------------------------------------------
     0 | D:1      | CrazyBamboolord the Merfolk Shapeshifter began the quest
                  | for the Orb.
     0 | D:1      | Reached XP level 1. HP: 15/15 MP: 1/1
    56 | D:1      | Reached XP level 2. HP: 9/21 MP: 2/2
   171 | D:1      | Reached skill level 5 in Shapeshifting
   209 | D:1      | Found a faded altar of an unknown god.
   433 | D:1      | Reached XP level 3. HP: 26/26 MP: 3/3
  1142 | D:2      | Reached skill level 6 in Shapeshifting
  1147 | D:2      | Reached XP level 4. HP: 17/32 MP: 4/4
  1430 | D:2      | Noticed Jessica
  1432 | D:2      | Killed Jessica
  1464 | D:2      | Reached XP level 5. HP: 33/37 MP: 5/5
  1522 | D:2      | Reached skill level 7 in Shapeshifting
  2518 | D:3      | Found a broken altar of Ashenzari.
  3000 | D:4      | Reached skill level 1 in Armour
  3000 | D:4      | Reached XP level 6. HP: 18/44 MP: 6/6
  3258 | D:4      | Noticed a steam dragon
  3270 | D:4      | Killed a steam dragon
  3430 | D:4      | Reached XP level 7. HP: 50/52 MP: 7/7
  3797 | D:4      | Reached skill level 5 in Dodging
  3797 | D:4      | Reached skill level 5 in Unarmed Combat
  4145 | D:5      | Entered Level 5 of the Dungeon
  4300 | D:5      | Reached XP level 8. HP: 54/61 MP: 8/8
  4329 | D:5      | Noticed Blork the orc
  4341 | D:5      | Killed Blork the orc
  4342 | D:5      | Reached skill level 5 in Fighting
  4527 | D:5      | Reached skill level 8 in Shapeshifting
  5044 | D:5      | Found a staircase to the Ecumenical Temple.
  5085 | D:5      | HP: 3/64 [orc/+0 flail (4)]
  5087 | D:5      | Slain by an orc

Illustrated notes

Levels and vault maps discovered:
D:1:      tarquinn_simple_flora_water_c, layout_basic,
          dreamdust_ecumenical_altar_drowned_temple, minmay_liquid_box
D:2:      minmay_razor_zed, layout_loops_ring, uniq_jessica
D:3:      layout_basic, amcnicky_altar_gilded
D:4:      layout_loops_ring, st_stairs_3, grunt_ministairs_14
D:5:      layout_basic, minmay_temple_entry_glass,
          nicolae_concentric_dashed_squares_mild, nicolae_the_louvre,
          uniq_blork_the_orc

Skill      XL: |  1  2  3  4  5  6  7  8 |
---------------+-------------------------+-----
Shapeshifting  | 5 6 7 8 |  8.4
Dodging        | 3 4 5 |  5.0
Armour         | 1 2 |  2.0
Fighting       | 3 4 5 |  5.7
Unarmed Combat | 4 5 |  5.0

Action                     |  1- 3 |  4- 6 |  7- 9 || total
---------------------------+-------+-------+-------++-------
  Melee: Unarmed           |    75 |   197 |   140 ||   412
    Use: Potion            |     4 |     1 |     4 ||     9
         Scroll            |       |     4 |       ||     4
   Stab: Invisible         |     1 |     1 |       ||     2
         Sleeping          |       |     1 |       ||     1
 Armour: Animal skin       |     9 |     2 |       ||    11
         Skin              |     2 |       |       ||     2
         Robe              |       |    39 |       ||    39
         Steam dragon scal |       |     2 |    28 ||    30
  Dodge: Dodged            |    51 |   128 |   116 ||   295
   Form: Flux              |       |     1 |       ||     1

Table legend: (Time is in decaauts)
 A = Elapsed time spent in this place.
 B = Non-inter-level travel time spent in this place.
 C = Inter-level travel time spent in this place.
 D = Time resting spent in this place.
 E = Time spent auto-exploring this place.
 F = Levels seen in this place.
 G = Mean time per level.
                   A        B        C        D        E       F      G
               +--------+--------+--------+--------+--------+-----+--------+
         Total |   5054 |   4929 |    125 |    128 |   4003 |   5 | 1010.8 |
       Dungeon |   5054 |   4929 |    125 |    128 |   4003 |   5 | 1010.8 |
               +--------+--------+--------+--------+--------+-----+--------+

Top non-repeatable levels by time:
     D:4: 1352 daAuts
     D:2: 1239 daAuts
     D:1: 891 daAuts
     D:5: 813 daAuts
     D:3: 756 daAuts
